AoeStats
← Beanie

Black Forest

506468291Analyzed
2v2 RM · 19d ago on Sep 13, 2026· 103m 43s· 4 players
Game mode
Random Map
Map size
Medium (4 player)
Population
200
Speed
Normal
Resources
Standard
Victory
Conquest
Starting age
Dark Age
Ending age
Imperial Age
RankedLock teamsTeams togetherTeam positionsShared explorationLock speedFull tech treeHidden civsTurbo modeCheats
Victory
Defeat
🇷🇺 Mongols · Russia
1059
+15
🇷🇺 Ethiopians · Russia
1059
+15
🇩🇪 Koreans · Germany
1065
-17
🇩🇪 Hindustanis · Germany
996
-13
Boerdy
0:46 Loom
14:11 Feudal Age
14:48 Double-Bit Axe
20:31 Castle Age
19:56 Wheelbarrow
20:20 Fletching
27:57 Town Watch
28:37 Horse Collar
29:09 Bow Saw
29:19 Bodkin Arrow
33:20 Masonry
33:31 Ballistics
33:59 Heavy Plow
35:25 Hand Cart
36:27 Eupseong
36:48 Thumb Ring
36:04 Elite Skirmisher
39:50 Imperial Age
37:59 Murder Holes
38:17 Fortified Wall
37:42 Crossbowman
38:27 Gold Mining
39:21 Gambesons
39:36 Squires
40:29 Forging
40:20 Scale Mail Armor
40:38 Bracer
40:38 Arrowslits
41:25 Architecture
41:01 Siege Engineers
42:28 Chemistry
41:12 Arbalester
41:16 Heavy Rocket Cart
42:09 Town Patrol
43:12 Two-Man Saw
42:42 Conscription
43:35 Arson
43:11 Elite Fire Lancer
43:54 Stone Mining
45:51 Pikeman
47:14 Shinkichon
47:07 Siege Engineers
46:58 Murder Holes
46:44 Treadmill Crane
47:41 Iron Casting
47:35 Halberdier
48:19 Scale Mail Armor
48:24 Scale Barding Armor
53:56 Chain Mail Armor
53:18 Capped Ram
57:06 Elite War Wagon
59:45 Caravan
60:16 Coinage
88:51 Plate Mail Armor
88:41 Chain Barding Armor
88:25 Husbandry
87:46 Light Cavalry
89:28 Hussar
Beanie
0:48 Loom
12:33 Feudal Age
14:26 Double-Bit Axe
16:26 Wheelbarrow
19:13 Horse Collar
23:24 Castle Age
22:32 Fletching
22:47 Scale Barding Armor
22:43 Scale Mail Armor
22:52 Gold Mining
24:06 Forging
24:41 Bow Saw
24:33 Light Cavalry
27:42 Bodkin Arrow
28:07 Chain Barding Armor
29:48 Iron Casting
29:40 Hand Cart
31:26 Husbandry
31:43 Bloodlines
35:45 Imperial Age
33:57 Heavy Plow
34:35 Chain Mail Armor
34:26 Grand Trunk Road
37:28 Bracer
38:04 Plate Barding Armor
38:29 Blast Furnace
38:13 Gold Shaft Mining
37:00 Elite Ghulam
39:56 Two-Man Saw
39:05 Hussar
40:42 Caravan
56:10 Heavy Camel Rider
58:05 Imperial Camel Rider
Boba
0:30 Loom
13:59 Feudal Age
19:45 Castle Age
19:47 Double-Bit Axe
20:26 Stone Mining
20:38 Horse Collar
31:53 Wheelbarrow
32:18 Gold Mining
33:22 Caravan
35:12 Bow Saw
38:55 Imperial Age
37:28 Fortified Wall
37:39 Ballistics
37:48 Bloodlines
37:39 Husbandry
40:06 Conscription
39:16 Light Cavalry
41:06 Masonry
41:30 Fletching
42:58 Gold Shaft Mining
42:45 Bodkin Arrow
42:50 Padded Archer Armor
43:44 Parthian Tactics
43:45 Heavy Plow
45:13 Leather Archer Armor
46:02 Bracer
46:59 Siege Engineers
47:43 Hand Cart
49:12 Drill
48:16 Hussar
49:31 Forging
51:37 Iron Casting
51:08 Scale Barding Armor
52:14 Thumb Ring
52:37 Elite Mangudai
54:34 Chemistry
55:20 Blast Furnace
54:41 Chain Barding Armor
55:24 Onager
55:26 Capped Ram
86:19 Hoardings
87:33 Siege Ram
90:17 Siege Onager
Biba
0:34 Loom
14:08 Feudal Age
16:32 Wheelbarrow
15:46 Double-Bit Axe
15:43 Horse Collar
22:16 Castle Age
24:06 Bow Saw
26:17 Heavy Plow
32:34 Imperial Age
32:19 Fortified Wall
33:28 Hand Cart
34:23 Chemistry
34:04 Forging
33:54 Scale Mail Armor
34:00 Scale Barding Armor
35:20 Iron Casting
36:23 Town Watch
37:42 Squires
37:28 Arson
37:43 Gold Mining
37:44 Stone Mining
37:32 Light Cavalry
39:36 Gold Shaft Mining
39:36 Stone Shaft Mining
39:04 Caravan
41:13 Blast Furnace
40:03 Fletching
41:23 Siege Engineers
41:38 Ballistics
42:15 Heavy Scorpion
43:11 Husbandry
43:13 Halberdier
44:30 Chain Mail Armor
45:10 Hussar
47:30 Plate Mail Armor
46:56 Bodkin Arrow
47:22 Chain Barding Armor
46:55 Onager
48:50 Two-Man Saw
47:55 Murder Holes
52:39 Torsion Engines
53:00 Conscription
59:51 Padded Archer Armor
59:51 Bracer
60:05 Masonry
59:44 Siege Onager
66:13 Elite Shotel Warrior
66:54 Royal Heirs
Connection lost

Rejoining the realm…

Still unreachable

The connection could not be restored.

Session expired

The server has moved on; the page needs a fresh start.